 Dungeon Crawl Stone Soup version 0.23-a0-837-ga3e6480 (console) character file.

100 bli the Skirmisher (level 5, -2/42 HPs)
             Began as a Formicid Abyssal Knight on Jan 25, 2019.
             Was a Follower of Lugonu.
             Slain by an adder (4 damage)
             ... on level 3 of the Dungeon.
             The game lasted 00:06:39 (1830 turns).

bli the Skirmisher (Formicid Abyssal Knight)        Turns: 1830, Time: 00:06:40

Health: -2/42      AC:  3    Str: 17    XL:     5   Next: 3%
Magic:  6/6        EV: 11    Int: 11    God:    Lugonu [*.....]
Gold:   90         SH:  0    Dex: 11    Spells: 4/4 levels left

rFire    + . .     SeeInvis +   a - +1 falchion
rCold    x . .     Gourm    .   (no shield)
rNeg     . . .     Faith    .   g - +0 leather armour
rPois    .         Spirit   .   (helmet unavailable)
rElec    .         Reflect  .   (no cloak)
rCorr    .         Harm     .   (no gloves)
MR       .....                  (no boots)
Stlth    +.........             (no amulet)
HPRegen  0.14/turn              m - ring of fire
MPRegen  0.10/turn              (no ring)

@: lethally poisoned (-2 -> -6), flying
A: permanent stasis, dig shafts and tunnels, four strong arms, antennae 3
a: Dig, Shaft Self, Depart the Abyss, Renounce Religion


You were on level 3 of the Dungeon.
You worshipped Lugonu.
Lugonu was aware of your devotion.
You were not hungry.

You visited 1 branch of the dungeon, and saw 3 of its levels.
You visited the Abyss 1 time.

You collected 90 gold pieces.

Inventory:

Hand Weapons
 a - a +1 falchion (weapon)
 b - a +1 whip of electrocution
 i - a +2 mace of crushing
Missiles
 j - 6 stones (quivered)
Armour
 e - a +0 ring mail
 g - a +0 leather armour (worn)
 o - a +0 leather armour
Jewellery
 m - a ring of fire (left hand)
Scrolls
 d - a scroll of blinking
 l - a scroll of fog {unknown}
 n - a scroll of teleportation
Potions
 f - 3 potions of flight
Comestibles
 c - 2 rations
 h - 2 chunks of flesh


   Skills:
 + Level 4.0 Fighting
 * Level 4.0 Long Blades
 + Level 2.5 Armour
 - Level 1.0 Dodging
 + Level 2.3 Invocations


You had 4 spell levels left.
You didn't know any spells.
Your spell library was empty.

Dungeon Overview and Level Annotations

Branches:
Dungeon (3/15)

Altars:


Innate Abilities, Weirdness & Mutations

You cannot be hasted, slowed, berserked, paralysed or teleported.
You can dig through walls and to a lower floor.
Your four strong arms can wield two-handed weapons with a shield.
You have a pair of large antennae on your head. (SInv)


Message History

You are poisoned.
The adder poisons you!
You closely miss the adder.
The adder is severely wounded.
You feel sick. The adder bites you.
* * * LOW HITPOINT WARNING * * *
You miss the adder.
The adder is severely wounded.
The adder completely misses you. The adder bites you.
* * * LOW HITPOINT WARNING * * *
You are lethally poisoned!
The adder poisons you!
You hit the adder.
The adder is almost dead.
* * * LOW HITPOINT WARNING * * *
You feel sick. The adder closely misses you.
You closely miss the adder.
The adder is almost dead.
The adder bites you.
You die...

########### ..........#
..$.......+ ......S@####
##########
.....###[..####...(.....
... ##.......####.##..##
# ##...###...# #.###.##
#...##$##..# #.# #..#
#...##....####.# ##+#
##...###รท##.##.# #... {
##............# #...
###..........# #...
$..####.......# #...
#.......)####...# #...


You could see an adder.

Vanquished Creatures
  Natasha (twice) (D:2)
  An adder (D:2)
  An orc (D:3)
  4 giant cockroaches (D:1)
  3 goblins
  5 hobgoblins
  4 jackals (D:1)
  A quokka (D:3)
  5 bats
  4 frilled lizards
  4 kobolds
  9 rats
43 creatures vanquished.

Notes
Turn   | Place    | Note
-------+----------+-------------------------------------------
     0 | Abyss:1  | bli the Formicid Abyssal Knight began the quest for the
                  | Orb.
     0 | Abyss:1  | Reached XP level 1. HP: 18/18 MP: 2/2
    18 | Abyss:3  | Noticed an apocalypse crab
    18 | Abyss:3  | Noticed a tentacled starspawn
    18 | Abyss:3  | Noticed a guardian serpent
    18 | Abyss:3  | Noticed a thorn hunter
    18 | Abyss:3  | Noticed a starcursed mass
    20 | D:1      | Escaped the Abyss
   444 | D:1      | Reached XP level 2. HP: 19/24 MP: 3/3
   446 | D:1      | Reached * piety under Lugonu
   672 | D:1      | Reached XP level 3. HP: 30/30 MP: 4/4
  1165 | D:2      | Noticed Natasha
  1174 | D:2      | Killed Natasha
  1174 | D:2      | Reached skill level 1 in Dodging
  1174 | D:2      | Reached XP level 4. HP: 12/37 MP: 5/5
  1308 | D:2      | Noticed Natasha
  1318 | D:2      | Killed Natasha
  1789 | D:3      | Reached XP level 5. HP: 42/42 MP: 6/6
  1821 | D:3      | HP: 1/42 [adder (4)]
  1829 | D:3      | HP: 2/42 [poisoned by an adder]
  1830 | D:3      | Slain by an adder

Vault maps used:
D:1:      saegor_arrival_miasma
D:2:      first_ration, uniq_natasha
D:3:      old_standard_altar, minmay_puff
Abyss:1:  abyss_greek_temple
Abyss:3:  hangedman_abyss_theft, nicolae_abyss_rune_left_handed

Skill      XL: |  1  2  3  4 |
---------------+-------------+-----
Long Blades    | 3 4 |  4.0
Dodging        | 1 |  1.0
Fighting       | 4 |  4.0
Armour         | |  2.5
Invocations    | |  2.3

Action                   |  1- 3 |  4- 6 || total
-------------------------+-------+-------++-------
Melee: Falchion          |    95 |    43 ||   138
Throw: Stone             |       |     1 ||     1
Invok: Depart the Abyss  |     1 |       ||     1
 Abil: Dig               |       |     2 ||     2
  Use: Scroll            |       |     3 ||     3
       Potion            |       |     2 ||     2
  Eat: Chunk             |     1 |     2 ||     3
Armor: Leather armour    |    25 |    19 ||    44
Dodge: Dodged            |    68 |    33 ||   101
       Rpst.: Falchion   |    31 |     5 ||    36

Table legend:
 A = Non-vault XP
 B = Vault XP
 C = Vault XP percentage of total XP
 D = Non-vault monster count
 E = Vault monster count
 F = Vault count percentage of total count
                 A         B        C        D         E       F
            +---------+---------+-------+---------+---------+-------
      Total |     109 |      34 |  23.8 |      41 |       2 |   4.7
            +---------+---------+-------+---------+---------+-------
        D:1 |      45 |       0 |   0.0 |      30 |       0 |   0.0
        D:2 |      52 |      33 |  38.8 |       4 |       1 |  20.0
        D:3 |      12 |       1 |   7.7 |       7 |       1 |  12.5
            +---------+---------+-------+---------+---------+-------
